 Dungeon Crawl Stone Soup version 0.25-a0-603-g0321be95db (webtiles) character file.

Game seed: 8611802919193767735, levelgen mode: deterministic

25 An17 the Grave Robber (level 2, -1/19 HPs)
             Began as a Demonspawn Wanderer on Mar 16, 2020.
             Slain by a worker ant (7 damage)
             ... on level 2 of the Dungeon.
             The game lasted 00:03:20 (656 turns).

An17 the Grave Robber (Demonspawn Wanderer)          Turns: 656, Time: 00:03:20

Health: -1/19      AC:  4    Str: 12    XL:     2   Next: 82%
Magic:  3/3        EV: 10    Int: 14    God:
Gold:   51         SH:  0    Dex: 11    Spells: 2/3 levels left

rFire    . . .     SeeInvis .   c - +0 quarterstaff
rCold    . . .     Gourm    .   (shield currently unavailable)
rNeg     . . .     Faith    .   b - +0 leather armour
rPois    .         Spirit   .   g - +0 helmet
rElec    .         Reflect  .   (no cloak)
rCorr    .         Harm     .   (no gloves)
MR       .....                  (no boots)
Stlth    +.........             (no amulet)
HPRegen  0.06/turn              (no ring)
MPRegen  0.08/turn              (no ring)

@: no status effects
A: hooves 1
a: no special abilities


You were on level 2 of the Dungeon.
You were not hungry.

You visited 1 branch of the dungeon, and saw 2 of its levels.

You collected 51 gold pieces.

Inventory:

Hand Weapons
 c - a +0 quarterstaff (weapon)
 d - a +0 spear
Armour
 b - a +0 leather armour (worn)
 e - a +0 kite shield
 g - a +0 helmet (worn)
 h - a +0 plate armour
Potions
 a - 2 potions of curing {unknown}
Comestibles
 f - 2 rations


   Skills:
 + Level 3.2 Staves
 - Level 1.0 Throwing
 + Level 0.5 Armour
 + Level 0.1 Dodging
 - Level 1.0 Shields
 + Level 1.0 Spellcasting
   Level 1.0 Conjurations
 + Level 3.7 Necromancy


You had 2 spell levels left.
You knew the following spells:

 Your Spells              Type           Power        Failure   Level  Hunger
a - Pain                  Necr           ##..         8%          1    ##.....

Your spell library contained the following spells:

 Spells                   Type           Power        Failure   Level  Hunger
 Vampiric Draining        Necr           ##........   22%         3    ####...


Dungeon Overview and Level Annotations

Branches:
Dungeon (2/15)

Altars:


Innate Abilities, Weirdness & Mutations

You have large cloven feet.


Message History

There is a stone staircase leading up here.
A worker ant comes into view.
The worker ant twitches its antennae in your direction.
You barely miss the worker ant. Your kick misses the worker ant.
The worker ant barely misses you.
You hit the worker ant.
The worker ant is moderately wounded.
The worker ant bites you.
You hit the worker ant but do no damage.
Your kick misses the worker ant.
The worker ant is moderately wounded.
The worker ant barely misses you. The worker ant bites you.
You hit the worker ant. You kick the worker ant.
The worker ant is severely wounded.
The worker ant bites you.
You hit the worker ant but do no damage.
You kick the worker ant, but do no damage.
The worker ant is severely wounded.
The worker ant barely misses you. The worker ant bites you!
You die...

# .#
#.##
....###
#......
##a#
..#
#@###.#
##.#.#
##<>#
##.#
#.###
#...#
###.#
#.# #.#


You could see a worker ant.

Vanquished Creatures
  An ooze (D:2)
  A leopard gecko (D:1)
  A giant cockroach (D:1)
  5 goblins (D:1)
  2 hobgoblins (D:1)
  2 jackals (D:1)
  A kobold (D:1)
  3 bats (D:1)
  2 rats (D:1)
18 creatures vanquished.

Notes
Turn   | Place    | Note
-------+----------+-------------------------------------------
     0 | D:1      | An17 the Demonspawn Wanderer began the quest for the Orb.
     0 | D:1      | An17 set off with the following items: a +0 club, a +0
                  | quarterstaff, a +0 robe, a +0 kite shield, a ration; and
                  | the following spell memorised: Pain; and the following
                  | spells available to memorise: Vampiric Draining
     0 | D:1      | Reached XP level 1. HP: 13/13 MP: 2/2
    94 | D:1      | Gained mutation: You have large cloven feet. [demonic
                  | ancestry]
    94 | D:1      | Reached XP level 2. HP: 12/19 MP: 3/3
   656 | D:2      | Slain by a worker ant

Levels and vault maps discovered:
D:1:      eino_arrival_cavern_d, layout_loops_ring, nrook_mini_backslash
D:2:      layout_loops_cross, first_ration

Skill      XL: |  1 |
---------------+----+-----
Staves         | 3 |  3.2
Throwing       | |  1.0
Armour         | |  0.5
Dodging        | |  0.1
Shields        | |  1.0
Spellcasting   | |  1.0
Conjurations   | |  1.0
Necromancy     | |  3.7

Action                   || total
-------------------------++-------
Melee: Quarterstaff      ||    59
       Kick              ||    10
  Use: Scroll            ||     4
Armor: Leather armour    ||    29
Dodge: Dodged            ||    46

Table legend:
 A = Non-vault XP
 B = Vault XP
 C = Vault XP percentage of total XP
 D = Non-vault monster count
 E = Vault monster count
 F = Vault count percentage of total count
                 A         B        C        D         E       F
            +---------+---------+-------+---------+---------+-------
      Total |      36 |       0 |   0.0 |      18 |       0 |   0.0
            +---------+---------+-------+---------+---------+-------
        D:1 |      29 |       0 |   0.0 |      17 |       0 |   0.0
        D:2 |       7 |       0 |   0.0 |       1 |       0 |   0.0
            +---------+---------+-------+---------+---------+-------
